 Dungeon Crawl Stone Soup version 0.20.1-1-g8b1a95d (console) character file.

184 hilaritas the Conjurer (level 5, 0/28 HPs)
             Began as a Deep Elf Wizard on Dec 4, 2017.
             Slain by an orc
             ... wielding a +2 trident of venom
              (9 damage)
             ... on level 3 of the Dungeon.
             The game lasted 00:07:36 (3540 turns).

hilaritas the Conjurer (Deep Elf Wizard)            Turns: 3540, Time: 00:07:37

Health: 0/28       AC:  2    Str:  5    XL:     5   Next: 36%
Magic:  1/13       EV: 13    Int: 23    God:
Gold:   107        SH:  0    Dex: 13    Spells: 6/12 levels left

rFire    . . .     SeeInvis .   p - +0 short sword (speed)
rCold    . . .     Gourm    .   (no shield)
rNeg     . . .     Faith    .   a - +0 robe
rPois    .         Spirit   .   b - +0 hat
rElec    .         Reflect  .   (no cloak)
rCorr    .         Harm     .   (no gloves)
MR       .....                  (no boots)
Stlth    ++........             (no amulet)
Regen    0.1/turn               (no ring)
MPRegen  0.2/turn               (no ring)

@: lethally poisoned (0 -> -4)
A: no striking features
a: no special abilities


You were on level 3 of the Dungeon.
You were not hungry.

You visited 1 branch of the dungeon, and saw 3 of its levels.

You collected 107 gold pieces.

Inventory:

Hand Weapons
 p - a +0 short sword of speed (weapon)
Armour
 a - a +0 robe (worn)
 b - a +0 hat (worn)
Jewellery
 u - an uncursed ring of positive energy {unknown}
Scrolls
 e - 4 scrolls of remove curse {unknown}
 i - 2 scrolls of fear {unknown}
 l - 4 scrolls of enchant armour {unknown}
 m - a scroll of immolation {unknown}
 n - 3 scrolls of teleportation {unknown}
 q - a scroll of magic mapping {unknown}
 r - a scroll of enchant weapon {unknown}
 s - a scroll of amnesia {unknown}
Potions
 g - a potion of flight {unknown}
 h - a potion of heal wounds {unknown}
 j - a potion of haste {unknown}
 k - a potion of agility {unknown}
Books
 c - a book of Minor Magic

   Spells                             Type                      Level
   a - Magic Dart                     Conjuration                  1
   b - Blink                          Translocation                2
   c - Call Imp                       Summoning                    2
   d - Slow                           Hexes                        2
   e - Conjure Flame                  Conjuration/Fire             3
   f - Mephitic Cloud                 Conjuration/Poison/Air       3
Comestibles
 d - a bread ration
 f - 3 royal jellies
 t - 3 chunks of flesh
 v - 2 meat rations


   Skills:
 - Level 2.4 Dodging
 - Level 2.4 Stealth
 - Level 4.4 Spellcasting
 - Level 5.0 Conjurations
   Level 1.1 Summonings
 - Level 1.1 Translocations
 * Level 2.7 Fire Magic


You had 6 spell levels left.
You knew the following spells:

 Your Spells              Type           Power        Failure   Level  Hunger
a - Magic Dart            Conj           ####         1%          1    None
b - Blink                 Tloc           N/A          10%         2    None
c - Conjure Flame         Conj/Fire      ###.....     6%          3    ##.....


Dungeon Overview and Level Annotations

Branches:
Dungeon (3/15)

Altars:
Hepliaklqana
Okawaru
Uskayaw


Message History

Unknown command.
It was a potion of curing.
You feel better. The bat hits you but does no damage.
The orc hits you but does no damage.
You are poisoned.
The orc priest looks encouraged for a moment.
You feel better. The orc priest hits you with a dagger.
The orc hits you from afar with a trident of venom.
You are poisoned.
The bat barely misses you.
Casting: Magic Dart
Confirm with . or Enter, or press ? or * to list all spells.
Aiming: Magic Dart
Press: ? - help, Shift-Dir - straight line, f/p - orc priest
Aim: an orc priest, wielding a dagger and wearing a leather armour (moderately wounded)
The magic dart hits the orc priest.
The orc priest is heavily wounded.
You feel sick. The bat hits you but does no damage. The bat closely misses you.
The orc priest hits you with a dagger.
The orc hits you from afar with a trident of venom!
You die...

.. ..# ... ..#
........... ....######
#......... ..#......#
#.....>.. ########.##
....... ..........##
..... ....)......# ..o
.........#.### #o#
###..#####...###@######
..........##.#..b.......
......###.##............
......# #. ##...........
......# ## #...........
......# .#..........
......# #............
#....## ##.........>.
####.# #.#########
####.# ...# ###


You could see an orc priest, an orc and a bat.

Vanquished Creatures
  10 adders
  An ooze (D:2)
  4 worms
  A dart slug (D:2)
  2 leopard geckos
  2 orcs (D:3)
  4 giant cockroaches
  6 goblins
  11 hobgoblins
  3 jackals (D:3)
  9 kobolds
  A quokka (D:2)
  2 ball pythons
  4 bats
  3 frilled lizards
  9 rats
72 creatures vanquished.

Notes
Turn   | Place    | Note
-------+----------+-------------------------------------------
     0 | D:1      | hilaritas the Deep Elf Wizard began the quest for the Orb.
     0 | D:1      | Reached XP level 1. HP: 10/10 MP: 7/7
   171 | D:1      | Reached skill level 2 in Conjurations
   256 | D:1      | Reached XP level 2. HP: 15/15 MP: 2/9
   260 | D:1      | Learned a level 2 spell: Blink
   643 | D:1      | Reached skill level 3 in Conjurations
   935 | D:1      | Reached XP level 3. HP: 19/19 MP: 6/10
   940 | D:1      | Learned a level 3 spell: Conjure Flame
  1415 | D:2      | Found a hazy altar of Hepliaklqana.
  1769 | D:2      | Reached skill level 1 in Fire Magic
  1829 | D:2      | Reached skill level 4 in Conjurations
  1849 | D:2      | Reached XP level 4. HP: 24/24 MP: 10/12
  1893 | D:2      | Found a hide-covered altar of Uskayaw.
  2123 | D:2      | Found an iron altar of Okawaru.
  2318 | D:2      | Found a faded altar of an unknown god.
  3010 | D:3      | Reached XP level 5. HP: 20/28 MP: 9/13
  3484 | D:3      | Reached skill level 5 in Conjurations
  3540 | D:3      | Slain by an orc

Skill      XL: |  1  2  3  4  5 |
---------------+----------------+-----
Conjurations   | 2 3 4 5 |  5.0
Fire Magic     | 1 2 |  2.7
Dodging        | |  2.4
Stealth        | |  2.4
Spellcasting   | |  4.4
Summonings     | |  1.1
Translocations | |  1.1

Action                   |  1- 3 |  4- 6 || total
-------------------------+-------+-------++-------
Melee: Short sword       |     2 |     7 ||     9
 Cast: Magic Dart        |    78 |   109 ||   187
  Use: Potion            |       |     2 ||     2
  Eat: Chunk             |     3 |     5 ||     8
Armor: Robe              |     2 |     6 ||     8
Dodge: Dodged            |    11 |    16 ||    27
